| TOP OF THE 1ST |
|
Chicago White Sox batting - Pitching for Minnesota Twins : RHP Jesus Fernandez
|
|
Pitching: RHP Jesus Fernandez
|
|
|
Batting: SHB Dan Lash
|
0-0: Swinging Strike 0-1: Called Strike 0-2: Foul Ball, location: 2F 0-2: Foul Ball, location: 2F 0-2: Ball 1-2: Ball 2-2: Fly out, F3 (Line Drive, 3, EV 63.1 MPH)
|
|
Batting: LHB Antonio Figueroa
|
0-0: Called Strike 0-1: Ball 1-1: Ball 2-1: Foul Ball, location: 2F 2-2: Ball 3-2: Base on Balls
|
|
Batting: LHB Randy Rosenberry
|
0-0: Called Strike 0-1: Ball 1-1: Ball 2-1: Ball 3-1: Called Strike 3-2: Base on Balls Antonio Figueroa to second
|
|
Batting: RHB Joseph Disepolo
|
0-0: Grounds into double play, 4-6-3 (Groundball, 4, EV 78.1 MPH)
|
| Top of the 1st over - 0 runs, 0 hits, 0 errors, 1 left on base; Chicago 0 - Minnesota 0 |
| BOTTOM OF THE 1ST |
|
Minnesota Twins batting - Pitching for Chicago White Sox : RHP Kevin Woods
|
|
Pitching: RHP Kevin Woods
|
|
|
Batting: LHB Sadamu Noguchi
|
0-0: Called Strike 0-1: Fly out, F7 (Flyball, 7, EV 90.6 MPH)
|
|
Batting: SHB Buster Hyman
|
0-0: Called Strike 0-1: Called Strike 0-2: Strikes out swinging
|
|
Batting: LHB Kevin Bellman
|
0-0: Ball 1-0: Ball 2-0: Foul Ball, location: 2F 2-1: Swinging Strike 2-2: Strikes out looking
|
| Bottom of the 1st over - 0 runs, 0 hits, 0 errors, 0 left on base; Chicago 0 - Minnesota 0 |
| TOP OF THE 2ND |
|
Chicago White Sox batting - Pitching for Minnesota Twins : RHP Jesus Fernandez
|
|
Batting: SHB Cesar Herrera
|
0-0: Ball 1-0: Swinging Strike 1-1: Called Strike 1-2: Strikes out swinging
|
|
Batting: LHB Jack Christie
|
0-0: Ball 1-0: Ground out 5-3 (Groundball, 56S, EV 68.1 MPH)
|
|
Batting: LHB Brian Feher
|
0-0: Called Strike 0-1: Ball 1-1: Ball 2-1: Ball 3-1: Base on Balls
|
|
Pitching: RHP Luis Sanchez
|
|
|
Batting: RHB Hiroshige Yamada
|
0-0: Ball 1-0: Foul Ball, location: 2F 1-1: Ball 2-1: Foul Ball, location: 2F 2-2: Ball Brian Feher steals 2nd base 3-2: Foul Ball, location: 2F 3-2: Ground out U3 (Groundball, 3, EV 83.1 MPH)
|
| Top of the 2nd over - 0 runs, 0 hits, 0 errors, 1 left on base; Chicago 0 - Minnesota 0 |
| BOTTOM OF THE 2ND |
|
Minnesota Twins batting - Pitching for Chicago White Sox : RHP Kevin Woods
|
|
Batting: LHB Joel Kunkler
|
0-0: Foul Ball, location: 2F 0-1: Foul Ball, location: 2F 0-2: SINGLE (Groundball, 34D, EV 102.5 MPH)
|
|
Batting: RHB Jesus Chavez
|
0-0: Ball 1-0: Called Strike 1-1: Swinging Strike 1-2: SINGLE (Groundball, 6MD, EV 96.9 MPH) (infield hit) Joel Kunkler to second
|
|
Batting: RHB José Molina
|
0-0: SINGLE (Groundball, 6MD, EV 108.1 MPH) Joel Kunkler to third Jesus Chavez to second
|
|
Batting: RHB Väinö Tapaninen
|
0-0: Called Strike 0-1: Swinging Strike 0-2: Grounds into fielders choice 1-2 (Groundball, 15, EV 68.8 MPH) Jesus Chavez to third José Molina to second
|
|
Batting: RHB Josh Zoglmann
|
0-0: Swinging Strike 0-1: Foul Ball, location: 2F 0-2: Ball 1-2: Strikes out swinging
|
|
Batting: RHB Brett Steele
|
0-0: Ball 1-0: Fly out, F4 (Line Drive, 4, EV 76.2 MPH)
|
| Bottom of the 2nd over - 0 runs, 3 hits, 0 errors, 3 left on base; Chicago 0 - Minnesota 0 |
| TOP OF THE 3RD |
|
Chicago White Sox batting - Pitching for Minnesota Twins : RHP Luis Sanchez
|
|
Batting: LHB Juan Concepcion
|
0-0: Called Strike 0-1: Foul Ball, location: 2F 0-2: Ball 1-2: Ball 2-2: Ball 3-2: Strikes out swinging
|
|
Batting: SHB Dan Lash
|
0-0: Ball 1-0: Foul Ball, location: 2F 1-1: Ball 2-1: SINGLE (Line Drive, 4M, EV 101.2 MPH)
|
|
Batting: LHB Antonio Figueroa
|
0-0: Ball 1-0: Ball 2-0: Ball 3-0: Called Strike 3-1: Foul Ball, location: 2F 3-2: Base on Balls Dan Lash to second
|
|
Batting: LHB Randy Rosenberry
|
0-0: Foul Ball, location: 2F 0-1: Ball 1-1: Ball 2-1: Ball 3-1: Base on Balls Dan Lash to third Antonio Figueroa to second
|
|
Batting: RHB Joseph Disepolo
|
0-0: Ball 1-0: Ball 2-0: DOUBLE (Flyball, 8LXD, EV 100.6 MPH) Dan Lash scores Antonio Figueroa scores Randy Rosenberry to third
|
|
Batting: SHB Cesar Herrera
|
0-0: Swinging Strike 0-1: Ball 1-1: Ground out 6-3 (Groundball, 6M, EV 89.4 MPH) Randy Rosenberry scores Joseph Disepolo to third
|
|
Batting: LHB Jack Christie
|
0-0: Ball 1-0: Called Strike 1-1: Foul Ball, location: 2F 1-2: Fly out, F9 (Flyball, 9S, EV 88.8 MPH)
|
| Top of the 3rd over - 3 runs, 2 hits, 0 errors, 1 left on base; Chicago 3 - Minnesota 0 |
| BOTTOM OF THE 3RD |
|
Minnesota Twins batting - Pitching for Chicago White Sox : RHP Kevin Woods
|
|
Batting: LHB Sadamu Noguchi
|
0-0: Ball 1-0: Called Strike 1-1: Swinging Strike 1-2: Strikes out looking
|
|
Batting: SHB Buster Hyman
|
0-0: Called Strike 0-1: Swinging Strike 0-2: Foul Ball, location: 2F 0-2: Ball 1-2: Strikes out swinging
|
|
Batting: LHB Kevin Bellman
|
0-0: Ball 1-0: Foul Ball, location: 2F 1-1: Ball 2-1: Ground out 4-3 (Groundball, 4, EV 101.2 MPH)
|
| Bottom of the 3rd over - 0 runs, 0 hits, 0 errors, 0 left on base; Chicago 3 - Minnesota 0 |
| TOP OF THE 4TH |
|
Chicago White Sox batting - Pitching for Minnesota Twins : RHP Luis Sanchez
|
|
Batting: LHB Brian Feher
|
0-0: Ball 1-0: Foul Ball, location: 2F 1-1: Ground out 6-3 (Groundball, 6, EV 101.2 MPH)
|
|
Batting: RHB Hiroshige Yamada
|
0-0: Called Strike 0-1: Ground out 5-3 (Groundball, 15, EV 83.1 MPH)
|
|
Batting: LHB Juan Concepcion
|
0-0: Foul Ball, location: 2F 0-1: Ball 1-1: Ball 2-1: SINGLE (Groundball, 34S, EV 72.5 MPH) (infield hit)
|
|
Batting: SHB Dan Lash
|
0-0: Ball Juan Concepcion steals 2nd base (no throw) 1-0: SINGLE (Flyball, 4D, EV 85.6 MPH) Juan Concepcion to third Runner from 3rd tries for Home, SAFE, throw by CF to home
|
|
Pitching: RHP Travis Feind
|
|
|
Batting: LHB Antonio Figueroa
|
0-0: Ball 1-0: Foul Ball, location: 2F 1-1: Ground out 4-3 (Groundball, 34D, EV 78.1 MPH)
|
| Top of the 4th over - 1 run, 2 hits, 0 errors, 1 left on base; Chicago 4 - Minnesota 0 |
| BOTTOM OF THE 4TH |
|
Minnesota Twins batting - Pitching for Chicago White Sox : RHP Kevin Woods
|
|
Batting: LHB Joel Kunkler
|
0-0: Swinging Strike 0-1: Ball 1-1: Ball 2-1: Foul Ball, location: 2F 2-2: Ball 3-2: Ground out 5-3 (Groundball, 5, EV 86.2 MPH)
|
|
Batting: RHB Jesus Chavez
|
0-0: Ball 1-0: DOUBLE (Line Drive, 9LM, EV 99.4 MPH)
|
|
Batting: RHB José Molina
|
0-0: TRIPLE (Line Drive, 78XD, EV 102.5 MPH) Jesus Chavez scores
|
|
Batting: RHB Väinö Tapaninen
|
0-0: Fly out, F8 (Line Drive, 8LD, EV 93.8 MPH) Runner from 3rd tags up, SCORES, throw by CF
|
|
Batting: RHB Josh Zoglmann
|
0-0: Foul Ball, location: 2F 0-1: Foul Ball, location: 2F 0-2: Ball 1-2: Strikes out swinging
|
| Bottom of the 4th over - 2 runs, 2 hits, 0 errors, 0 left on base; Chicago 4 - Minnesota 2 |
| TOP OF THE 5TH |
|
Chicago White Sox batting - Pitching for Minnesota Twins : RHP Travis Feind
|
|
Batting: LHB Randy Rosenberry
|
0-0: Swinging Strike 0-1: Ball 1-1: Called Strike 1-2: Foul Ball, location: 2F 1-2: Ball 2-2: Foul Ball, location: 2F 2-2: Ball 3-2: Ground out 3-1 (Groundball, 34S, EV 86.2 MPH)
|
|
Batting: RHB Joseph Disepolo
|
0-0: Called Strike 0-1: Ground out 3-1 (Groundball, 34, EV 83.1 MPH)
|
|
Batting: SHB Cesar Herrera
|
0-0: Ground out 5-3 (Groundball, 5S, EV 86.9 MPH)
|
| Top of the 5th over - 0 runs, 0 hits, 0 errors, 0 left on base; Chicago 4 - Minnesota 2 |
| BOTTOM OF THE 5TH |
|
Minnesota Twins batting - Pitching for Chicago White Sox : RHP Kevin Woods
|
|
Batting: RHB Brett Steele
|
0-0: Swinging Strike 0-1: Ground out 4-3 (Groundball, 4M, EV 93.1 MPH)
|
|
Batting: LHB Sadamu Noguchi
|
0-0: Called Strike 0-1: Ball 1-1: Ball 2-1: Ball 3-1: Ground out 1-3 (Groundball, 34S, EV 69.4 MPH)
|
|
Batting: SHB Buster Hyman
|
0-0: Ball 1-0: Ball 2-0: Swinging Strike 2-1: Ball 3-1: Foul Ball, location: 2F 3-2: Fly out, F8 (Line Drive, 8RM, EV 96.2 MPH)
|
| Bottom of the 5th over - 0 runs, 0 hits, 0 errors, 0 left on base; Chicago 4 - Minnesota 2 |
| TOP OF THE 6TH |
|
Chicago White Sox batting - Pitching for Minnesota Twins : RHP Travis Feind
|
|
Batting: LHB Jack Christie
|
0-0: Ball 1-0: Called Strike 1-1: Called Strike 1-2: Ball 2-2: Ball 3-2: Base on Balls
|
|
Batting: LHB Brian Feher
|
0-0: Ball 1-0: Called Strike 1-1: Ball 2-1: Fly out, F6 (Flyball, 56D, EV 84.4 MPH)
|
|
Batting: RHB Hiroshige Yamada
|
0-0: Ball 1-0: Swinging Strike 1-1: SINGLE (Flyball, 78S, EV 96.2 MPH) Jack Christie to second
|
|
Batting: LHB Juan Concepcion
|
0-0: Ball 1-0: Reached on error, E4 (Groundball, 34, EV 108.8 MPH) Jack Christie to third Hiroshige Yamada to second
|
|
Batting: SHB Dan Lash
|
0-0: Fielders Choice at 2nd, 3-6 (Groundball, 34S, EV 93.1 MPH) Jack Christie scores Hiroshige Yamada to third
|
|
Batting: LHB Antonio Figueroa
|
0-0: Ball 1-0: Ground out 6-3 (Groundball, 6MS, EV 90.6 MPH)
|
| Top of the 6th over - 1 run, 1 hit, 1 error, 2 left on base; Chicago 5 - Minnesota 2 |
| BOTTOM OF THE 6TH |
|
Minnesota Twins batting - Pitching for Chicago White Sox : RHP Kevin Woods
|
|
Batting: LHB Kevin Bellman
|
0-0: Ball 1-0: Swinging Strike 1-1: Ball 2-1: Ground out 4-3 (Groundball, 4S, EV 67.5 MPH)
|
|
Batting: LHB Joel Kunkler
|
0-0: Foul Ball, location: 2F 0-1: Called Strike 0-2: Strikes out swinging
|
|
Batting: RHB Jesus Chavez
|
0-0: Called Strike 0-1: Foul Ball, location: 2F 0-2: Fly out, F9 (Flyball, 89S, EV 90.0 MPH)
|
| Bottom of the 6th over - 0 runs, 0 hits, 0 errors, 0 left on base; Chicago 5 - Minnesota 2 |
| TOP OF THE 7TH |
|
Chicago White Sox batting - Pitching for Minnesota Twins : RHP Travis Feind
|
|
Pitching: RHP T.J. Hirst
|
|
|
Batting: LHB Randy Rosenberry
|
0-0: Ball 1-0: Called Strike 1-1: SOLO HOME RUN (Line Drive, 78XD, EV 106.2 MPH), Distance : 406 ft
|
|
Batting: RHB Joseph Disepolo
|
0-0: Ball 1-0: Ball 2-0: Called Strike 2-1: SINGLE (Line Drive, 8LM, EV 85.0 MPH)
|
|
Batting: SHB Cesar Herrera
|
0-0: Called Strike 0-1: Fielders Choice at 2nd, 4-6 (Groundball, 34D, EV 103.8 MPH)
|
|
Batting: LHB Jack Christie
|
0-0: Ball Cesar Herrera is caught stealing 2nd base 2-6 1-0: Ball 2-0: Ball 3-0: Called Strike 3-1: Base on Balls
|
|
Batting: LHB Brian Feher
|
0-0: Ball Wild Pitch! Jack Christie to second 1-0: Ball 2-0: Foul Ball, location: 2F 2-1: Swinging Strike 2-2: Ground out 4-3 (Groundball, 4, EV 87.5 MPH)
|
| Top of the 7th over - 1 run, 2 hits, 0 errors, 1 left on base; Chicago 6 - Minnesota 2 |
| BOTTOM OF THE 7TH |
|
Minnesota Twins batting - Pitching for Chicago White Sox : RHP Kevin Woods
|
|
Batting: RHB José Molina
|
0-0: Ball 1-0: Swinging Strike 1-1: Swinging Strike 1-2: Ball 2-2: Ball 3-2: Strikes out swinging, 2-3 out at first.
|
|
Batting: RHB Väinö Tapaninen
|
0-0: Ball 1-0: Called Strike 1-1: Ball 2-1: Ball 3-1: Fly out, F9 (Flyball, 9D, EV 95.0 MPH)
|
|
Batting: RHB Josh Zoglmann
|
0-0: Ground out 4-3 (Groundball, 4M, EV 101.9 MPH)
|
| Bottom of the 7th over - 0 runs, 0 hits, 0 errors, 0 left on base; Chicago 6 - Minnesota 2 |
| TOP OF THE 8TH |
|
Chicago White Sox batting - Pitching for Minnesota Twins : RHP T.J. Hirst
|
|
Batting: RHB Hiroshige Yamada
|
0-0: Called Strike 0-1: Ball 1-1: DOUBLE (Groundball, 5L, EV 106.2 MPH)
|
|
Batting: LHB Juan Concepcion
|
0-0: Swinging Strike 0-1: Ball 1-1: Called Strike 1-2: Ball 2-2: Strikes out swinging
|
|
Batting: SHB Dan Lash
|
0-0: Ball 1-0: Ball 2-0: Ball 3-0: Foul Ball, location: 2F 3-1: Called Strike 3-2: Fly out, F7 (Flyball, 7LS, EV 77.5 MPH)
|
|
Batting: LHB Antonio Figueroa
|
0-0: Ball 1-0: Ball 2-0: Foul Ball, location: 2F 2-1: Ball 3-1: Swinging Strike 3-2: Base on Balls
|
|
Batting: LHB Randy Rosenberry
|
0-0: Ball 1-0: Ball 2-0: Foul Ball, location: 2F 2-1: Fly out, F6 (Line Drive, 6, EV 64.4 MPH)
|
| Top of the 8th over - 0 runs, 1 hit, 0 errors, 2 left on base; Chicago 6 - Minnesota 2 |
| BOTTOM OF THE 8TH |
|
Minnesota Twins batting - Pitching for Chicago White Sox : RHP Kevin Woods
|
|
Pitching: RHP Adam Ratcliff
|
|
|
Batting: RHB Brett Steele
|
0-0: Called Strike 0-1: Swinging Strike 0-2: Foul Ball, location: 2F 0-2: SINGLE (Groundball, 5D, EV 104.4 MPH)
|
|
Batting: LHB Sadamu Noguchi
|
0-0: Ground out 5-3 (Groundball, 56S, EV 61.2 MPH) Brett Steele to second
|
|
Batting: SHB Buster Hyman
|
0-0: Foul Ball, location: 2F 0-1: Ball 1-1: Foul Ball, location: 2F 1-2: Strikes out swinging
|
|
Batting: LHB Kevin Bellman
|
0-0: SINGLE (Groundball, 34S, EV 66.9 MPH) (infield hit) Brett Steele to third
|
|
Batting: LHB Joel Kunkler
|
0-0: Called Strike 0-1: Foul Ball, location: 2F 0-2: Foul Ball, location: 2F 0-2: Foul Ball, location: 2F 0-2: Strikes out swinging
|
| Bottom of the 8th over - 0 runs, 2 hits, 0 errors, 2 left on base; Chicago 6 - Minnesota 2 |
| TOP OF THE 9TH |
|
Chicago White Sox batting - Pitching for Minnesota Twins : RHP T.J. Hirst
|
|
Pitching: RHP Oscar Zuniga
|
|
|
Batting: RHB Joseph Disepolo
|
0-0: Ball 1-0: Ball 2-0: Fly out, F9 (Line Drive, 9, EV 95.6 MPH)
|
|
Batting: SHB Cesar Herrera
|
0-0: Ball 1-0: Foul Ball, location: 2F 1-1: SINGLE (Line Drive, 34, EV 101.9 MPH)
|
|
Batting: LHB Jack Christie
|
0-0: Ball 1-0: Ball 2-0: Called Strike 2-1: Foul Ball, location: 2F 2-2: Hit by Pitch Cesar Herrera to second
|
|
Batting: LHB Brian Feher
|
0-0: Called Strike 0-1: Swinging Strike 0-2: Ball 1-2: Foul Ball, location: 2F 1-2: Fly out, F4 (Line Drive, 4, EV 70.6 MPH)
|
|
Batting: RHB Hiroshige Yamada
|
0-0: Fly out, F3 (Flyball, 3D, EV 90.0 MPH)
|
| Top of the 9th over - 0 runs, 1 hit, 0 errors, 2 left on base; Chicago 6 - Minnesota 2 |
| BOTTOM OF THE 9TH |
|
Minnesota Twins batting - Pitching for Chicago White Sox : RHP Adam Ratcliff
|
|
Batting: RHB Jesus Chavez
|
0-0: Ball 1-0: Reached on error, E5 (Groundball, 56, EV 86.9 MPH)
|
|
Batting: RHB José Molina
|
0-0: Ball 1-0: Ball 2-0: Called Strike 2-1: Ball 3-1: Base on Balls Jesus Chavez to second
|
|
Batting: RHB Väinö Tapaninen
|
0-0: Called Strike 0-1: Ball 1-1: Called Strike 1-2: Strikes out swinging
|
|
Pinch Hitting: LHB Gerardo Flores
|
0-0: Foul Ball, location: 2F 0-1: Ball 1-1: Grounds into double play, 5-4-3 (Groundball, 56, EV 101.9 MPH)
|
| Bottom of the 9th over - 0 runs, 0 hits, 1 error, 1 left on base; Chicago 6 - Minnesota 2 |
|